 Dungeon Crawl Stone Soup version 0.22-a0-348-gd16d139 (webtiles) character file.

6547 mortelune the Destroyer (level 10, -4/69 HPs)
             Began as a Black Draconian Fire Elementalist on Apr 7, 2018.
             Was a Believer of Vehumet.
             Killed from afar by a gargoyle (17 damage)
             ... with a stone arrow
             ... on level 10 of the Dungeon.
             The game lasted 00:35:22 (14232 turns).

mortelune the Destroyer (DrFE)                     Turns: 14232, Time: 00:35:22

Health: -4/69      AC: 10    Str: 11    XL:     10   Next: 70%
Magic:  0/22       EV: 13    Int: 18    God:    Vehumet [**....]
Gold:   457        SH:  0    Dex: 17    Spells: 10/26 levels left

rFire    . . .     SeeInvis .   k - +2 flail (holy)
rCold    + . .     Gourm    .   (no shield)
rNeg     . . .     Faith    .   (armour unavailable)
rPois    .         Spirit   .   (helmet restricted)
rElec    +         Reflect  .   K - +0 cloak
rCorr    .         Harm     .   J - +1 pair of gloves
MR       .....                  (no boots)
Stlth    ++........             (no amulet)
HPRegen  0.21/turn              j - +5 ring of dexterity
MPRegen  0.18/turn              n - ring of protection from cold

@: studying Dodging
A: breathe lightning, unfitting armour, electricity resistance, cold-blooded, AC
+7
a: Breathe Lightning, Renounce Religion


You were on level 10 of the Dungeon.
You worshipped Vehumet.
Vehumet was pleased with you.
You were very hungry.

You visited 2 branches of the dungeon, and saw 11 of its levels.

You collected 457 gold pieces.

Inventory:

Hand Weapons
 k - a +2 flail of holy wrath (weapon)
 B - a +1 scimitar of flaming
Armour
 r - a +0 pair of gloves
 J - a +1 pair of gloves (worn)
 K - a +0 cloak (worn)
Jewellery
 j - a +5 ring of dexterity (left hand)
 l - an uncursed amulet of regeneration
 n - a ring of protection from cold (right hand)
Wands
 f - a wand of flame (23)
 g - a wand of iceblast (6)
 v - a wand of disintegration (17)
 y - a wand of acid (12)
 H - a wand of enslavement (11)
Scrolls
 a - a scroll of teleportation
 c - a scroll of fog {unknown}
 e - 4 scrolls of remove curse
 h - 2 scrolls of identify
 i - a scroll of immolation {unknown}
 m - 2 scrolls of amnesia
 p - 2 scrolls of magic mapping
 q - 2 scrolls of fear {unknown}
 u - 3 scrolls of enchant armour {unknown}
 x - a scroll of torment {unknown}
 D - a scroll of blinking {unknown}
 E - 2 scrolls of enchant weapon {unknown}
 F - a scroll of random uselessness {unknown}
Potions
 d - 6 potions of lignification
 o - a potion of agility
 s - a potion of ambrosia
 t - a potion of magic
 w - 3 potions of brilliance
 z - 3 potions of curing
 A - 2 potions of flight
 G - a potion of mutation {unknown}
Books
 C - a manual of Dodging
Comestibles
 b - 14 rations
 L - 7 chunks of flesh


   Skills:
 + Level 2.5 Dodging
 - Level 1.8 Stealth
 + Level 8.6 Spellcasting
 + Level 9.9 Conjurations
 + Level 9.7 Fire Magic
 + Level 1.3 Air Magic


You had 10 spell levels left.
You knew the following spells:

 Your Spells              Type           Power        Failure   Level  Hunger
a - Flame Tongue          Conj/Fire      #####        1%          1    None
b - Throw Flame           Conj/Fire      #####.       1%          2    None
c - Conjure Flame         Conj/Fire      #####...     1%          3    None
d - Sticky Flame          Conj/Fire      #####...     1%          4    ###....
e - Fireball              Conj/Fire      #####.....   4%          5    #####..
f - Shock                 Conj/Air       ####         1%          1    None


Dungeon Overview and Level Annotations

Branches:
Dungeon (10/15)            Temple (1/1) D:7            Lair (0/6) D:10
    Orc (0/2) D:9

Altars:
Ashenzari
Cheibriados
Dithmenos
Elyvilon
Fedhas
Gozag
Hepliaklqana
Kikubaaqudgha
Makhleb
Nemelex Xobeh
Okawaru
Qazlal
Ru
Sif Muna
Trog
Uskayaw
Vehumet
Wu Jian
Xom
Yredelemnul
Zin
The Shining One
Beogh

Annotations:
D:3 Grinder


Innate Abilities, Weirdness & Mutations

You can breathe wild blasts of lightning.
Your glossy black scales are hard. (AC +7)
You cannot fit into any form of body armour.
You are resistant to electric shocks. (rElec)
You are cold-blooded and may be slowed by cold attacks.


Message History

Aim: a gargoyle, wielding a morningstar (almost destroyed)
The flame tongue hits the gargoyle.
The gargoyle appears unharmed.
The gargoyle is almost destroyed.
The gargoyle hurls a stone arrow at you.
The stone arrow hits you!
* * * LOW HITPOINT WARNING * * *
You feel much better.
The gargoyle hurls a stone arrow at you.
The stone arrow hits you!
* * * LOW HITPOINT WARNING * * *
Casting: Flame Tongue (safe; 1% risk of failure)
Confirm with . or Enter, or press ? or * to list all spells.
Aiming: Flame Tongue (safe; 1% risk of failure)
Press: ? - help, Shift-Dir - straight line, f/p - gargoyle
Aim: a gargoyle, wielding a morningstar (almost destroyed)
The flame tongue hits the gargoyle.
The gargoyle appears unharmed.
The gargoyle is almost destroyed.
The gargoyle hurls a stone arrow at you.
The stone arrow hits you!
You die...

#. #...... .#
#...... .. ####.##
#. #..# #)## ##.##
.9# ###..# #)#
#...## ####'##
#.### #..@..#
##'#### #.....#
#.....# #.....#
#.#.### #.[...#
###.#.# #.....#
#.'.###
#.....####.#.....#
#.....'....#.#####
#.(...######..
#.<...# ####


You could see a gargoyle.

Vanquished Creatures
  Erica (D:9)
  A komodo dragon (D:10)
  2 trolls
  Prince Ribbit (D:8)
  A spriggan (D:7)
  A water moccasin (D:10)
  A black bear (D:9)
  2 orc warriors (D:8)
  3 sky beasts (D:7)
  An ice beast (D:5)
  A phantom (D:10)
  A necrophage (D:7)
  6 centaurs
  8 ogres
  A crocodile (D:9)
  A big kobold (D:10)
  4 bullfrogs
  2 water moccasin zombies
  4 scorpions
  3 howler monkeys (D:10)
  7 crimson imps
  2 centaur zombies
  7 hounds
  4 jellies
  8 orc priests
  3 centaur skeletons
  5 orc wizards
  2 iguanas
  8 worker ants
  A hound zombie (D:5)
  Robin (D:1)
  8 adders
  4 gnolls (D:9)
  6 shadow imps
  An ooze (D:1)
  An adder skeleton (D:6)
  4 worms
  A dart slug (D:3)
  6 leopard geckos
  33 orcs
  6 giant cockroaches
  13 goblins
  3 hobgoblins
  8 jackals
  12 kobolds
  2 quokkas
  8 bats
  7 frilled lizards
  2 giant cockroach zombies
  A leopard gecko skeleton (D:4)
  A quokka skeleton (D:4)
  3 rats
223 creatures vanquished.

Notes
Turn   | Place    | Note
-------+----------+-------------------------------------------
     0 | D:1      | mortelune the Draconian Fire Elementalist began the quest for the Orb.
     0 | D:1      | Reached XP level 1. HP: 14/14 MP: 3/3
   198 | D:1      | Reached XP level 2. HP: 15/20 MP: 0/5
   202 | D:1      | Learned a level 2 spell: Throw Flame
   441 | D:2      | Noticed Robin
   529 | D:2      | Found an ancient bone altar of Kikubaaqudgha.
   935 | D:2      | Reached XP level 3. HP: 26/26 MP: 0/6
   988 | D:2      | Learned a level 3 spell: Conjure Flame
  1271 | D:2      | Noticed an ice beast
  1853 | D:1      | Killed Robin
  1958 | D:2      | Reached XP level 4. HP: 32/33 MP: 5/7
  2742 | D:3      | Found a faded altar of an unknown god.
  2973 | D:3      | Reached XP level 5. HP: 38/38 MP: 4/9
  3262 | D:3      | Found a stormy altar of Qazlal.
  3496 | D:3      | Noticed Grinder
  3962 | D:4      | Reached XP level 6. HP: 11/45 MP: 0/10
  4393 | D:4      | Learned a level 4 spell: Sticky Flame
  4770 | D:4      | Reached skill level 5 in Conjurations
  5077 | D:4      | Your scales start taking on a glossy black colour.
  5077 | D:4      | Reached XP level 7. HP: 36/50 MP: 4/12
  5077 | D:4      | Gained mutation: You are resistant to electric shocks. (rElec) [Black Draconian growth]
  5207 | D:4      | Found a basalt altar of Yredelemnul.
  5207 | D:4      | Found a sparkling altar of Nemelex Xobeh.
  5207 | D:4      | Found a shadowy altar of Dithmenos.
  5420 | D:5      | Entered Level 5 of the Dungeon
  5553 | D:5      | Reached skill level 5 in Fire Magic
  6137 | D:5      | Found a bloodstained altar of Trog.
  6950 | D:6      | Reached XP level 8. HP: 57/57 MP: 4/15
  7057 | D:6      | Reached skill level 5 in Spellcasting
  7129 | D:6      | Found a blossoming altar of Fedhas.
  7155 | D:6      | Learned a level 5 spell: Fireball
  7178 | D:6      | Found a glowing silver altar of Zin.
  7552 | D:6      | Found an opulent altar of Gozag.
  8481 | D:7      | Found a staircase to the Ecumenical Temple.
  8491 | Temple   | Entered the Ecumenical Temple
  8533 | Temple   | Became a worshipper of Vehumet
  8692 | D:7      | Reached XP level 9. HP: 60/62 MP: 11/18
 10093 | D:8      | Found a deep blue altar of Sif Muna.
 10094 | D:8      | Found a burning altar of Makhleb.
 10368 | D:8      | Noticed Prince Ribbit
 10375 | D:8      | Killed Prince Ribbit
 10938 | D:8      | Found a hazy altar of Hepliaklqana.
 10938 | D:8      | Found a sacrificial altar of Ru.
 10986 | D:8      | Reached * piety under Vehumet
 10986 | D:8      | Offered knowledge of Freeze by Vehumet.
 11424 | D:9      | Noticed Erica
 11572 | D:9      | Noticed a troll
 11584 | D:9      | Killed a troll
 11725 | D:9      | Found a staircase to the Orcish Mines.
 12068 | D:9      | Reached XP level 10. HP: 42/69 MP: 0/21
 12341 | D:9      | Killed Erica
 12918 | D:9      | Found a roughly hewn altar of Beogh.
 13078 | D:10     | Entered Level 10 of the Dungeon
 13167 | D:10     | Offered knowledge of Shock by Vehumet.
 13256 | D:10     | Reached ** piety under Vehumet
 13894 | D:10     | Learned a level 1 spell: Shock
 14061 | D:10     | Found a staircase to the Lair.
 14071 | D:10     | Reached skill level 1 in Air Magic
 14218 | D:10     | Offered knowledge of Static Discharge by Vehumet.
 14222 | D:10     | Noticed a gargoyle
 14232 | D:10     | Killed from afar by a gargoyle

Vault maps used:
D:1:      minmay_arrival_stone_box, minmay_misc_feat_columns, st_stairs_9
D:2:      old_standard_altar, first_ration, uniq_robin
D:3:      marbit_many_paths, chequers_ecumenical_altar_simple, fountainhead,
          uniq_grinder
D:4:      gammafunk_temple_overflow_forgotten, minivault_19
D:5:      kennysheep_mini_moat
D:6:      zin_statuary, lemuel_doored_altar,
          nicolae_gozag_cash_rules_everything_around_me
D:7:      minmay_temple_entry_poolview, the_bakery, ldierk_geyser
D:8:      grunt_temple_overflow_open, uniq_prince_ribbit1
D:9:      minmay_orc_entry_temple_small, uniq_erica
D:10:     lair_entry_dummy
Temple:   cyrus_temple_forest

Skill      XL: |  1  2  3  4  5  6  7  8  9 10 |
---------------+-------------------------------+-----
Conjurations   | 2 3 4 5 6 7 8 9 |  9.9
Spellcasting   | 3 4 6 7 8 |  8.6
Fire Magic     | 4 5 7 8 9 |  9.7
Dodging        | 2 |  2.5
Air Magic      | 1 |  1.3
Stealth        | |  1.8

Action                   |  1- 3 |  4- 6 |  7- 9 | 10-12 || total
-------------------------+-------+-------+-------+-------++-------
Melee: Whip              |    15 |     2 |       |       ||    17
       Flail             |       |    24 |    86 |    10 ||   120
       Tailslap          |       |     2 |    11 |     3 ||    16
 Cast: Flame Tongue      |    44 |    99 |   225 |    58 ||   426
       Throw Flame       |    16 |    28 |    43 |    11 ||    98
       Conjure Flame     |       |     3 |     9 |     1 ||    13
       Sticky Flame      |       |       |    22 |    13 ||    35
       Fireball          |       |       |    14 |    17 ||    31
       Shock             |       |       |       |     3 ||     3
  Use: Scroll            |       |     2 |     9 |     1 ||    12
       Potion            |       |     4 |     1 |     1 ||     6
  Eat: Chunk             |     2 |    11 |    22 |    12 ||    47
       Ration            |     1 |       |     2 |       ||     3
Armor: Skin              |    16 |    15 |    68 |    20 ||   119
Dodge: Dodged            |    32 |    57 |   125 |    32 ||   246

Table legend:
 A = Spawn XP
 B = Non-spawn XP
 C = Spawn XP percentage of total XP
 D = Spawn monster count
 E = Non-spawn monster count
 F = Spawn count percentage of total count
 G = Total turns spent on level
                    A         B        C        D         E        F      G
               +---------+---------+-------+---------+---------+-------+---------
         Total |       0 |    9353 |   0.0 |       0 |     223 |   0.0 | 14232
               +---------+---------+-------+---------+---------+-------+---------
           D:1 |       0 |      46 |   0.0 |       0 |      16 |   0.0 |  1135
           D:2 |       0 |     104 |   0.0 |       0 |      26 |   0.0 |  1343
           D:3 |       0 |      70 |   0.0 |       0 |      15 |   0.0 |  1056
           D:4 |       0 |     564 |   0.0 |       0 |      22 |   0.0 |  2202
           D:5 |       0 |     567 |   0.0 |       0 |      23 |   0.0 |  1201
           D:6 |       0 |     598 |   0.0 |       0 |      15 |   0.0 |  1131
           D:7 |       0 |    1381 |   0.0 |       0 |      20 |   0.0 |  1485
           D:8 |       0 |    1465 |   0.0 |       0 |      22 |   0.0 |  1931
           D:9 |       0 |    2075 |   0.0 |       0 |      28 |   0.0 |  1542
          D:10 |       0 |    2483 |   0.0 |       0 |      36 |   0.0 |  1123
               +---------+---------+-------+---------+---------+-------+---------
